[ AOE2 MATCH · #467979712 ]
Team RMJapanese vs Ethiopians
Player's team · LOSS
[ REPLAY ANALYSIS · EXTRACTED FROM THE RECORDED GAME ]
Feudal
11:09
Castle
25:05
Imperial
—
| APM avg | 32.4 |
| APM peak | 70 |
| eAPM avg | 11.7 |
| Villagers / military | 63 / 44 |
Focus
⚔️ 26.2% · 🌾 73.8%
Spearman ×17 · Archer ×12 · Skirmisher ×10 · Samurai ×5
Feudal
12:02
Castle
22:51
Imperial
—
| APM avg | 33.8 |
| APM peak | 66 |
| eAPM avg | 20.1 |
| Villagers / military | 70 / 53 |
Focus
⚔️ 25.7% · 🌾 74.3%
Archer ×46 · Mangonel ×4 · Spearman ×2 · Monk ×1
Feudal
10:01
Castle
20:20
Imperial
—
| APM avg | 35.7 |
| APM peak | 80 |
| eAPM avg | 13.0 |
| Villagers / military | 95 / 55 |
Focus
⚔️ 25.9% · 🌾 74.1%
Knight ×38 · Scout Cavalry ×17
Feudal
11:32
Castle
15:18
Imperial
—
| APM avg | 14.3 |
| APM peak | 38 |
| eAPM avg | 9.6 |
| Villagers / military | 76 / 13 |
Focus
⚔️ 11.8% · 🌾 88.2%
Scout Cavalry ×13
Feudal
10:29
Castle
21:21
Imperial
—
| APM avg | 38.2 |
| APM peak | 58 |
| eAPM avg | 15.9 |
| Villagers / military | 62 / 32 |
Focus
⚔️ 35.5% · 🌾 64.5%
Archer ×12 · Fire Lancer ×12 · Skirmisher ×3 · Iron Pagoda ×3 · Militia ×2
Feudal
10:28
Castle
22:18
Imperial
—
| APM avg | 35.2 |
| APM peak | 80 |
| eAPM avg | 10.1 |
| Villagers / military | 40 / 52 |
Focus
⚔️ 31.1% · 🌾 68.9%
Archer ×49 · Mangonel ×2 · Battering Ram ×1
Feudal
9:47
Castle
21:12
Imperial
—
| APM avg | 39.3 |
| APM peak | 90 |
| eAPM avg | 13.1 |
| Villagers / military | 73 / 71 |
Focus
⚔️ 32.9% · 🌾 67.1%
Archer ×66 · Monk ×3 · Spearman ×2
Feudal
11:57
Castle
24:58
Imperial
—
| APM avg | 18.3 |
| APM peak | 37 |
| eAPM avg | 13.7 |
| Villagers / military | 89 / 16 |
Focus
⚔️ 20.2% · 🌾 79.8%
Archer ×16
Match map
Initial resources + every placement click. Lines = walls · curves = elevation contours. ◆ gold · ⬟ stone · ● berries · ✦ relic · ◌ wall gap
Your base· Open — 6t gap
DougFunnie's base· Open — 7t gap
oskiura's base· Open — 4t gap
hog hunter's base· Open — unwalled flank
Zargo's base· Open — 4t gap
Zaboosubmarine's base· Open — 4t gap
FR | GeorgeLeYeti's base· Open — unwalled flank
Yaca's base· Open — 1t gap
Smoothed initial terrain · ◌ = detected wall gap · hover for details
Inputs per minute
— cuffneyj - - DougFunnie
Build order — cuffneyj
First 150 of 185 actions detected
| 0:04 | Create | Villager (Male) |
| 0:04 | Create | Villager (Male) |
| 0:07 | Build | House |
| 0:10 | Build | House |
| 0:11 | Create | Villager (Male) |
| 0:11 | Create | Villager (Male) |
| 0:11 | Create | Villager (Male) |
| 1:41 | Create | Villager (Male) |
| 1:42 | Create | Villager (Male) |
| 2:16 | Create | Villager (Male) |
| 2:16 | Create | Villager (Male) |
| 2:16 | Create | Villager (Male) |
| 3:11 | Build | Lumber Camp |
| 3:21 | Create | Villager (Male) |
| 3:21 | Create | Villager (Male) |
| 3:21 | Create | Villager (Male) |
| 3:52 | Create | Villager (Male) |
| 4:28 | Create | Villager (Male) |
| 4:29 | Create | Villager (Male) |
| 4:51 | Build | House |
| 4:54 | Research | Loom |
| 5:07 | Create | Villager (Male) |
| 5:07 | Create | Villager (Male) |
| 5:07 | Create | Villager (Male) |
| 5:38 | Create | Villager (Male) |
| 5:38 | Create | Villager (Male) |
| 6:03 | Create | Villager (Male) |
| 6:04 | Create | Villager (Male) |
| 6:04 | Create | Villager (Male) |
| 6:28 | Build | House |
| 8:18 | Create | Villager (Male) |
| 8:24 | Build | Mining Camp |
| 8:45 | Build | Mill |
| 8:59 | Research | Feudal Age |
| 9:18 | Build | Barracks |
| 10:29 | Create | Villager (Male) |
| 10:30 | Create | Villager (Male) |
| 10:44 | Build | House |
| 11:09 | Age | Feudal Age |
| 11:16 | Build | Archery Range |
| 11:23 | Create | Villager (Male) |
| 11:34 | Create | Villager (Male) |
| 11:43 | Research | Double-Bit Axe |
| 11:46 | Research | Gold Mining |
| 11:53 | Build | Farm |
| 12:02 | Build | Farm |
| 12:08 | Create | Archer |
| 12:16 | Create | Villager (Male) |
| 12:28 | Create | Archer |
| 12:46 | Create | Villager (Male) |
| 12:49 | Create | Archer |
| 12:56 | Create | Spearman |
| 13:05 | Build | House |
| 13:07 | Build | House |
| 13:23 | Create | Archer |
| 13:51 | Build | Archery Range |
| 14:03 | Create | Archer |
| 14:05 | Create | Villager (Male) |
| 14:06 | Create | Villager (Male) |
| 14:10 | Build | House |
| 14:13 | Build | House |
| 14:16 | Build | House |
| 14:18 | Build | House |
| 14:21 | Create | Villager (Male) |
| 14:25 | Create | Archer |
| 14:43 | Create | Villager (Male) |
| 15:17 | Create | Villager (Male) |
| 15:18 | Create | Villager (Male) |
| 15:38 | Build | Farm |
| 15:47 | Create | Archer |
| 15:47 | Create | Archer |
| 15:57 | Build | Farm |
| 15:57 | Build | Farm |
| 15:58 | Build | Farm |
| 15:59 | Build | Farm |
| 16:09 | Create | Villager (Male) |
| 16:09 | Create | Villager (Male) |
| 17:01 | Create | Villager (Male) |
| 17:02 | Create | Villager (Male) |
| 17:04 | Create | Archer |
| 17:04 | Create | Archer |
| 17:47 | Create | Villager (Male) |
| 17:48 | Create | Villager (Male) |
| 17:49 | Create | Skirmisher |
| 17:50 | Create | Skirmisher |
| 18:05 | Build | Blacksmith |
| 18:07 | Create | Skirmisher |
| 18:08 | Create | Skirmisher |
| 18:14 | Create | Villager (Male) |
| 18:25 | Build | Farm |
| 18:25 | Build | Farm |
| 18:27 | Build | Farm |
| 18:27 | Build | Farm |
| 18:28 | Build | Farm |
| 18:28 | Build | Farm |
| 18:29 | Build | Farm |
| 18:29 | Build | Farm |
| 18:30 | Build | Farm |
| 18:30 | Build | Farm |
| 18:42 | Create | Skirmisher |
| 18:42 | Create | Skirmisher |
| 19:03 | Research | Fletching |
| 19:05 | Research | Padded Archer Armor |
| 19:16 | Build | House |
| 19:18 | Build | House |
| 19:19 | Build | House |
| 19:20 | Build | House |
| 19:25 | Create | Skirmisher |
| 19:26 | Create | Skirmisher |
| 19:35 | Create | Archer |
| 19:35 | Create | Archer |
| 19:51 | Create | Villager (Male) |
| 19:59 | Build | House |
| 20:00 | Build | House |
| 20:02 | Build | House |
| 20:04 | Build | House |
| 21:28 | Create | Villager (Male) |
| 21:28 | Create | Villager (Male) |
| 21:33 | Build | Farm |
| 22:25 | Research | Castle Age |
| 22:37 | Build | Mining Camp |
| 22:51 | Build | Palisade Wall |
| 23:16 | Build | Mining Camp |
| 23:31 | Build | Palisade Wall |
| 23:40 | Build | Palisade Wall |
| 24:05 | Build | Palisade Wall |
| 24:11 | Build | Palisade Gate |
| 24:15 | Create | Villager (Male) |
| 24:15 | Create | Villager (Male) |
| 24:45 | Create | Spearman |
| 24:55 | Create | Villager (Male) |
| 24:58 | Create | Spearman |
| 25:05 | Age | Castle Age |
| 25:11 | Create | Villager (Male) |
| 25:12 | Create | Villager (Male) |
| 25:19 | Create | Spearman |
| 25:37 | Research | Pikeman (upgrade) |
| 25:53 | Create | Spearman |
| 26:12 | Create | Villager (Male) |
| 26:13 | Create | Villager (Male) |
| 26:14 | Create | Villager (Male) |
| 26:15 | Create | Villager (Male) |
| 26:30 | Create | Spearman |
| 26:41 | Create | Spearman |
| 27:02 | Create | Spearman |
| 27:23 | Create | Spearman |
| 27:34 | Create | Villager (Male) |
| 27:45 | Create | Villager (Male) |
| 27:50 | Build | Mining Camp |
| 28:23 | Build | Castle |
Build order — DougFunnie
First 150 of 201 actions detected
| 0:00 | Create | Villager (Male) |
| 0:00 | Create | Villager (Male) |
| 0:00 | Create | Villager (Male) |
| 0:01 | Create | Villager (Male) |
| 0:02 | Build | House |
| 0:06 | Build | House |
| 0:24 | Build | House |
| 1:20 | Research | Loom |
| 1:32 | Build | Mill |
| 1:48 | Create | Villager (Male) |
| 1:48 | Create | Villager (Male) |
| 2:36 | Create | Villager (Male) |
| 2:57 | Create | Villager (Male) |
| 3:32 | Create | Villager (Male) |
| 3:33 | Create | Villager (Male) |
| 3:33 | Create | Villager (Male) |
| 4:19 | Build | Lumber Camp |
| 4:27 | Create | Villager (Male) |
| 4:27 | Create | Villager (Male) |
| 5:12 | Create | Villager (Male) |
| 5:24 | Build | Palisade Wall |
| 5:27 | Create | Villager (Male) |
| 5:52 | Create | Villager (Male) |
| 5:52 | Create | Villager (Male) |
| 6:04 | Build | House |
| 6:21 | Create | Villager (Male) |
| 6:21 | Create | Villager (Male) |
| 6:35 | Create | Villager (Male) |
| 6:55 | Create | Villager (Male) |
| 7:06 | Build | Mill |
| 7:31 | Build | House |
| 7:40 | Build | Palisade Wall |
| 7:54 | Create | Villager (Male) |
| 7:55 | Create | Villager (Male) |
| 7:55 | Create | Villager (Male) |
| 7:55 | Create | Villager (Male) |
| 8:38 | Build | Barracks |
| 8:59 | Create | Villager (Male) |
| 9:24 | Research | Feudal Age |
| 9:34 | Build | Mining Camp |
| 9:41 | Build | Palisade Wall |
| 10:13 | Build | House |
| 10:58 | Build | Lumber Camp |
| 11:19 | Create | Villager (Male) |
| 11:19 | Create | Villager (Male) |
| 11:34 | Build | House |
| 11:35 | Build | House |
| 11:50 | Build | Palisade Wall |
| 11:50 | Build | Palisade Wall |
| 12:02 | Age | Feudal Age |
| 12:10 | Build | Archery Range |
| 12:13 | Create | Villager (Male) |
| 12:13 | Create | Villager (Male) |
| 12:20 | Research | Double-Bit Axe |
| 12:41 | Research | Gold Mining |
| 12:47 | Create | Villager (Male) |
| 13:04 | Create | Spearman |
| 13:07 | Build | House |
| 13:10 | Build | House |
| 13:13 | Build | House |
| 13:19 | Build | House |
| 13:21 | Build | House |
| 13:34 | Build | Palisade Wall |
| 13:37 | Create | Spearman |
| 13:46 | Build | House |
| 13:50 | Create | Archer |
| 13:51 | Create | Archer |
| 13:56 | Create | Villager (Male) |
| 14:03 | Research | Loom |
| 14:03 | Research | Loom |
| 14:22 | Build | Palisade Wall |
| 14:22 | Build | Palisade Wall |
| 14:23 | Build | Palisade Wall |
| 14:24 | Build | Palisade Wall |
| 14:32 | Create | Archer |
| 14:40 | Build | House |
| 14:40 | Build | House |
| 14:42 | Build | House |
| 14:43 | Build | House |
| 14:55 | Build | Archery Range |
| 15:05 | Create | Archer |
| 15:12 | Build | Blacksmith |
| 15:33 | Build | Mining Camp |
| 15:47 | Build | Farm |
| 15:48 | Build | Farm |
| 15:48 | Build | Farm |
| 16:03 | Research | Horse Collar |
| 16:25 | Create | Villager (Male) |
| 16:26 | Create | Villager (Male) |
| 16:35 | Build | Palisade Wall |
| 16:52 | Build | Palisade Wall |
| 16:56 | Build | Farm |
| 16:57 | Create | Villager (Male) |
| 16:57 | Create | Villager (Male) |
| 17:00 | Create | Archer |
| 17:08 | Build | Outpost |
| 17:22 | Create | Archer |
| 17:24 | Create | Archer |
| 17:26 | Build | Farm |
| 17:28 | Create | Archer ×5 |
| 17:29 | Create | Villager (Male) |
| 17:49 | Research | Fletching |
| 18:12 | Build | Farm |
| 18:14 | Build | Farm |
| 18:15 | Create | Villager (Male) |
| 18:39 | Build | Market |
| 18:42 | Create | Villager (Male) |
| 18:44 | Build | Farm |
| 18:46 | Create | Villager (Male) |
| 19:23 | Build | Farm |
| 19:25 | Build | Farm |
| 19:28 | Build | Farm |
| 19:28 | Build | Farm |
| 19:28 | Build | Farm |
| 19:28 | Build | Farm |
| 19:37 | Build | Palisade Gate |
| 19:46 | Create | Villager (Male) |
| 20:06 | Build | Farm |
| 20:10 | Research | Castle Age |
| 20:29 | Build | Farm |
| 20:33 | Build | Farm |
| 21:31 | Create | Villager (Male) |
| 21:31 | Create | Villager (Male) |
| 21:34 | Research | Stone Mining |
| 22:51 | Age | Castle Age |
| 22:52 | Research | Bodkin Arrow |
| 22:53 | Research | Padded Archer Armor |
| 22:55 | Research | Crossbowman (upgrade) |
| 22:57 | Create | Archer |
| 22:57 | Create | Archer |
| 23:03 | Build | Town Center |
| 23:06 | Build | Monastery |
| 23:15 | Build | Town Center |
| 23:21 | Create | Villager (Male) |
| 23:51 | Build | House |
| 23:52 | Build | House |
| 24:01 | Create | Archer |
| 24:26 | Create | Archer |
| 24:30 | Build | House |
| 24:36 | Research | Wheelbarrow |
| 24:55 | Build | Farm |
| 24:57 | Build | Farm |
| 25:23 | Build | Castle |
| 25:33 | Create | Archer ×2 |
| 25:37 | Build | House |
| 25:50 | Create | Villager (Male) |
| 25:51 | Create | Villager (Male) |
| 25:52 | Create | Villager (Male) |
| 25:53 | Create | Villager (Male) |
| 25:56 | Create | Villager (Male) |
Build order — oskiura
First 150 of 226 actions detected
| 0:02 | Create | Villager (Male) |
| 0:02 | Create | Villager (Male) |
| 0:02 | Create | Villager (Male) |
| 0:03 | Create | Villager (Male) |
| 0:04 | Build | House |
| 0:06 | Build | House |
| 1:31 | Create | Villager (Male) |
| 1:49 | Build | Lumber Camp |
| 1:55 | Create | Villager (Male) |
| 1:55 | Create | Villager (Male) |
| 1:56 | Create | Villager (Male) |
| 2:09 | Create | Villager (Male) |
| 3:07 | Create | Villager (Male) |
| 3:07 | Create | Villager (Male) |
| 3:08 | Create | Villager (Male) |
| 3:29 | Build | House |
| 3:35 | Create | Villager (Male) |
| 3:36 | Create | Villager (Male) |
| 4:05 | Create | Villager (Male) |
| 4:06 | Create | Villager (Male) |
| 4:06 | Create | Villager (Male) |
| 4:29 | Create | Villager (Male) |
| 5:04 | Create | Villager (Male) |
| 5:04 | Create | Villager (Male) |
| 5:31 | Build | House |
| 5:35 | Build | Mill |
| 5:53 | Create | Villager (Male) |
| 5:53 | Create | Villager (Male) |
| 6:13 | Create | Villager (Male) |
| 7:26 | Research | Loom |
| 7:26 | Research | Feudal Age |
| 7:38 | Build | Palisade Wall |
| 8:27 | Build | Barracks |
| 8:43 | Build | House |
| 9:16 | Create | Villager (Male) |
| 9:17 | Create | Villager (Male) |
| 9:30 | Build | House |
| 10:01 | Age | Feudal Age |
| 10:04 | Build | Stable |
| 10:09 | Research | Double-Bit Axe |
| 10:10 | Create | Villager (Male) |
| 10:10 | Create | Villager (Male) |
| 10:40 | Build | Palisade Wall |
| 10:53 | Build | Farm |
| 11:02 | Build | Farm |
| 11:04 | Create | Scout Cavalry |
| 11:04 | Create | Scout Cavalry |
| 11:05 | Create | Scout Cavalry |
| 11:20 | Research | Horse Collar |
| 11:47 | Create | Villager (Male) |
| 11:49 | Build | Farm |
| 11:51 | Build | Farm |
| 11:53 | Create | Villager (Male) |
| 12:09 | Build | Farm |
| 12:14 | Build | Farm |
| 12:24 | Create | Villager (Male) |
| 12:27 | Build | Farm |
| 12:40 | Create | Villager (Male) |
| 12:44 | Build | Farm |
| 12:54 | Build | Farm |
| 13:47 | Create | Villager (Male) |
| 13:47 | Create | Villager (Male) |
| 13:51 | Build | Farm |
| 13:53 | Build | Farm |
| 13:56 | Build | Mining Camp |
| 13:59 | Build | House |
| 14:21 | Create | Scout Cavalry |
| 14:21 | Create | Scout Cavalry |
| 14:56 | Create | Villager (Male) |
| 14:57 | Create | Villager (Male) |
| 15:13 | Build | Farm |
| 15:13 | Build | Farm |
| 15:42 | Build | House |
| 15:43 | Build | House |
| 15:45 | Build | House |
| 15:49 | Build | House |
| 15:50 | Build | House |
| 16:21 | Create | Scout Cavalry |
| 16:32 | Build | Farm |
| 16:32 | Build | Farm |
| 16:33 | Build | Farm |
| 16:34 | Build | Farm |
| 16:56 | Build | Blacksmith |
| 17:32 | Create | Villager (Male) |
| 17:40 | Research | Castle Age |
| 17:41 | Research | Castle Age |
| 17:54 | Create | Scout Cavalry |
| 17:54 | Create | Scout Cavalry |
| 18:13 | Research | Scale Barding Armor |
| 18:47 | Build | Stable |
| 18:59 | Research | Bloodlines |
| 19:19 | Create | Villager (Male) |
| 19:19 | Create | Villager (Male) |
| 20:20 | Age | Castle Age |
| 20:22 | Build | Town Center |
| 20:25 | Build | Town Center |
| 20:29 | Research | Husbandry |
| 20:32 | Research | Light Cavalry (upgrade) |
| 20:33 | Create | Scout Cavalry |
| 20:34 | Create | Scout Cavalry |
| 20:40 | Research | Wheelbarrow |
| 20:41 | Create | Villager (Male) |
| 20:41 | Create | Villager (Male) |
| 20:55 | Create | Scout Cavalry |
| 21:21 | Create | Scout Cavalry |
| 21:21 | Create | Scout Cavalry |
| 21:59 | Create | Scout Cavalry |
| 22:00 | Create | Scout Cavalry |
| 22:56 | Create | Villager (Male) |
| 22:56 | Create | Villager (Male) |
| 22:56 | Create | Villager (Male) |
| 22:56 | Create | Villager (Male) |
| 23:13 | Create | Scout Cavalry |
| 23:13 | Create | Scout Cavalry |
| 23:17 | Create | Villager (Male) |
| 23:17 | Create | Villager (Male) |
| 23:19 | Build | Farm |
| 23:20 | Build | Farm |
| 23:21 | Build | Farm |
| 23:23 | Build | Farm |
| 23:27 | Build | Farm |
| 23:28 | Build | Farm |
| 23:30 | Build | Farm |
| 23:43 | Build | Farm |
| 23:43 | Build | Farm |
| 23:44 | Build | Farm |
| 24:35 | Build | Farm |
| 24:35 | Create | Villager (Male) |
| 24:36 | Create | Villager (Male) |
| 24:36 | Create | Villager (Male) |
| 24:36 | Create | Villager (Male) |
| 24:36 | Create | Villager (Male) |
| 24:37 | Create | Villager (Male) |
| 24:38 | Create | Knight |
| 24:38 | Create | Knight |
| 24:38 | Create | Knight |
| 24:39 | Create | Knight |
| 25:45 | Create | Villager (Male) |
| 25:45 | Create | Villager (Male) |
| 25:46 | Create | Villager (Male) |
| 25:46 | Create | Villager (Male) |
| 25:46 | Create | Villager (Male) |
| 25:46 | Create | Villager (Male) |
| 25:46 | Create | Villager (Male) |
| 25:46 | Create | Villager (Male) |
| 26:21 | Create | Knight |
| 26:21 | Create | Knight |
| 26:21 | Create | Knight |
| 26:21 | Create | Knight |
| 26:23 | Create | Knight |
Build order — hog hunter
First 150 of 183 actions detected
| 0:05 | Create | Villager (Male) |
| 0:06 | Create | Villager (Male) |
| 0:06 | Create | Villager (Male) |
| 0:07 | Build | House |
| 0:10 | Build | House |
| 0:12 | Create | Villager (Male) |
| 1:31 | Create | Villager (Male) |
| 1:31 | Create | Villager (Male) |
| 1:50 | Build | Lumber Camp |
| 2:09 | Create | Villager (Male) |
| 2:38 | Create | Villager (Male) |
| 2:38 | Create | Villager (Male) |
| 2:51 | Create | Villager (Male) |
| 3:08 | Create | Villager (Male) |
| 3:40 | Create | Villager (Male) |
| 4:00 | Create | Villager (Male) |
| 4:03 | Build | Mill |
| 4:16 | Build | House |
| 4:18 | Build | House |
| 4:44 | Create | Villager (Male) |
| 4:45 | Create | Villager (Male) |
| 4:45 | Create | Villager (Male) |
| 5:17 | Create | Villager (Male) |
| 5:26 | Build | Farm |
| 6:02 | Create | Villager (Male) |
| 6:03 | Create | Villager (Male) |
| 6:03 | Create | Villager (Male) |
| 6:03 | Create | Villager (Male) |
| 6:03 | Create | Villager (Male) |
| 6:11 | Build | Farm |
| 7:04 | Create | Villager (Male) |
| 7:06 | Create | Villager (Male) |
| 7:30 | Build | Mill |
| 8:17 | Create | Villager (Male) |
| 8:39 | Build | Mining Camp |
| 9:08 | Research | Feudal Age |
| 9:11 | Research | Loom |
| 9:11 | Create | Villager (Male) |
| 10:14 | Build | Farm |
| 11:32 | Age | Feudal Age |
| 11:36 | Build | Market |
| 11:39 | Build | Blacksmith |
| 11:52 | Build | Barracks |
| 12:38 | Research | Castle Age |
| 12:40 | Create | Villager (Male) |
| 12:55 | Build | Lumber Camp |
| 13:59 | Build | Mining Camp |
| 14:32 | Build | Stable |
| 15:04 | Research | Double-Bit Axe |
| 15:18 | Age | Castle Age |
| 15:26 | Research | Forging |
| 15:34 | Research | Bloodlines |
| 15:36 | Create | Scout Cavalry |
| 15:42 | Build | Gate |
| 15:45 | Build | House |
| 16:00 | Create | Villager (Male) |
| 16:11 | Build | Town Center |
| 16:20 | Create | Villager (Male) |
| 16:25 | Build | Farm |
| 16:26 | Build | Farm |
| 16:26 | Build | Farm |
| 16:29 | Build | Farm |
| 17:05 | Build | Farm |
| 17:06 | Create | Villager (Male) |
| 17:12 | Build | Farm |
| 17:19 | Create | Villager (Male) |
| 17:25 | Build | House |
| 17:26 | Build | House |
| 17:50 | Build | Mill |
| 17:52 | Create | Villager (Male) |
| 17:53 | Create | Villager (Male) |
| 18:07 | Create | Villager (Male) |
| 18:19 | Build | Farm |
| 18:20 | Build | Farm |
| 18:21 | Build | Farm |
| 18:29 | Build | House |
| 18:36 | Create | Scout Cavalry |
| 18:49 | Create | Villager (Male) |
| 18:49 | Create | Villager (Male) |
| 18:51 | Build | Farm |
| 19:05 | Research | Light Cavalry (upgrade) |
| 19:08 | Create | Villager (Male) |
| 19:08 | Create | Villager (Male) |
| 19:08 | Create | Villager (Male) |
| 19:11 | Build | House |
| 19:12 | Build | House |
| 19:13 | Build | House |
| 19:28 | Create | Villager (Male) |
| 19:34 | Build | Mill |
| 19:40 | Create | Villager (Male) |
| 19:55 | Create | Scout Cavalry |
| 20:01 | Build | Farm |
| 20:02 | Build | Farm |
| 20:07 | Build | Farm |
| 20:14 | Research | Horse Collar |
| 20:33 | Create | Scout Cavalry |
| 20:34 | Create | Villager (Male) |
| 20:44 | Build | Farm |
| 20:45 | Build | Farm |
| 20:47 | Build | Farm |
| 20:53 | Create | Villager (Male) |
| 20:56 | Build | House |
| 20:57 | Build | House |
| 21:11 | Build | Castle |
| 21:16 | Create | Villager (Male) |
| 21:16 | Create | Villager (Male) |
| 21:28 | Create | Villager (Male) |
| 21:28 | Create | Villager (Male) |
| 21:31 | Research | Heavy Plow |
| 21:40 | Build | Farm |
| 21:41 | Build | Farm |
| 21:45 | Create | Villager (Male) |
| 21:45 | Create | Villager (Male) |
| 21:54 | Create | Scout Cavalry |
| 21:57 | Build | Farm |
| 22:04 | Build | Farm |
| 22:10 | Create | Villager (Male) |
| 22:10 | Create | Villager (Male) |
| 22:22 | Build | Farm |
| 22:24 | Research | Scale Barding Armor |
| 22:26 | Create | Villager (Male) |
| 22:27 | Create | Villager (Male) |
| 22:32 | Build | House |
| 22:33 | Build | House |
| 22:54 | Build | Mining Camp |
| 22:57 | Create | Villager (Male) |
| 22:57 | Create | Villager (Male) |
| 23:02 | Create | Scout Cavalry |
| 23:02 | Create | Scout Cavalry |
| 23:14 | Create | Villager (Male) |
| 23:37 | Research | Wheelbarrow |
| 23:38 | Create | Villager (Male) |
| 23:44 | Build | House |
| 23:46 | Build | House |
| 23:49 | Create | Scout Cavalry |
| 23:55 | Create | Villager (Male) |
| 23:55 | Create | Villager (Male) |
| 24:10 | Build | Town Center |
| 24:13 | Create | Villager (Male) |
| 24:14 | Create | Villager (Male) |
| 24:23 | Build | Mining Camp |
| 24:37 | Build | Mill |
| 24:39 | Build | Farm |
| 24:41 | Create | Villager (Male) |
| 24:42 | Create | Villager (Male) |
| 24:45 | Create | Scout Cavalry |
| 24:49 | Create | Scout Cavalry |
| 24:57 | Build | House |
| 24:58 | Build | House |
| 25:02 | Research | Town Watch |
Build order — Zargo
First 150 of 163 actions detected
| 0:01 | Create | Villager (Male) ×4 |
| 0:03 | Build | House |
| 0:04 | Build | House |
| 1:37 | Create | Villager (Male) |
| 1:38 | Create | Villager (Male) |
| 1:38 | Create | Villager (Male) |
| 1:57 | Create | Villager (Male) |
| 1:57 | Create | Villager (Male) |
| 2:05 | Build | Lumber Camp |
| 2:34 | Create | Villager (Male) |
| 2:35 | Create | Villager (Male) |
| 2:59 | Create | Villager (Male) |
| 3:00 | Create | Villager (Male) |
| 3:28 | Create | Villager (Male) |
| 3:28 | Create | Villager (Male) |
| 3:28 | Create | Villager (Male) |
| 3:28 | Create | Villager (Male) |
| 3:42 | Build | House |
| 4:20 | Build | Palisade Wall |
| 4:21 | Create | Villager (Male) |
| 4:44 | Create | Villager (Male) |
| 5:08 | Build | House |
| 5:11 | Create | Villager (Male) |
| 5:37 | Build | Barracks |
| 5:38 | Create | Villager (Male) |
| 5:59 | Create | Villager (Male) |
| 6:17 | Create | Villager (Male) |
| 6:18 | Research | Loom |
| 7:06 | Build | Mill |
| 7:26 | Create | Villager (Male) |
| 8:01 | Build | Palisade Wall |
| 8:06 | Create | Villager (Male) |
| 8:19 | Research | Feudal Age |
| 8:19 | Research | Feudal Age |
| 8:26 | Build | House |
| 8:29 | Build | Palisade Wall |
| 8:42 | Create | Militia |
| 8:53 | Build | Palisade Wall |
| 9:13 | Build | Palisade Wall |
| 9:23 | Create | Militia |
| 9:33 | Build | Mining Camp |
| 9:51 | Build | Palisade Wall |
| 10:29 | Age | Feudal Age |
| 10:32 | Research | Man-at-Arms (upgrade) |
| 10:33 | Research | Man-at-Arms (upgrade) |
| 10:40 | Create | Villager (Male) |
| 10:48 | Build | Archery Range |
| 11:00 | Create | Villager (Male) |
| 11:08 | Build | Palisade Wall |
| 11:24 | Research | Double-Bit Axe |
| 11:33 | Build | Farm |
| 11:33 | Build | Farm |
| 11:42 | Build | Farm |
| 11:50 | Create | Archer |
| 11:58 | Build | Farm |
| 11:59 | Create | Villager (Male) |
| 12:21 | Build | Blacksmith |
| 12:27 | Create | Archer |
| 12:44 | Create | Villager (Male) |
| 12:47 | Build | Farm |
| 13:11 | Create | Villager (Male) |
| 13:15 | Build | Farm |
| 13:17 | Create | Archer |
| 13:23 | Create | Villager (Male) |
| 13:34 | Build | House |
| 13:49 | Build | Farm |
| 13:50 | Research | Fletching |
| 13:50 | Research | Fletching |
| 14:26 | Create | Archer |
| 14:26 | Create | Archer |
| 14:28 | Create | Villager (Male) |
| 14:28 | Create | Villager (Male) |
| 14:40 | Build | Farm |
| 14:53 | Research | Horse Collar |
| 14:57 | Create | Villager (Male) |
| 14:59 | Build | Farm |
| 15:01 | Create | Archer |
| 15:18 | Create | Archer |
| 15:24 | Build | House |
| 15:52 | Create | Villager (Male) |
| 15:56 | Build | Farm |
| 16:16 | Build | Farm |
| 16:16 | Create | Villager (Male) |
| 16:21 | Create | Archer |
| 16:44 | Build | House |
| 16:45 | Create | Archer |
| 17:06 | Build | Farm |
| 17:24 | Create | Archer |
| 17:26 | Create | Villager (Male) |
| 17:27 | Create | Villager (Male) |
| 17:55 | Create | Villager (Male) |
| 18:02 | Build | Farm |
| 18:21 | Build | House |
| 18:28 | Build | House |
| 18:37 | Build | Farm |
| 18:37 | Build | Farm |
| 18:37 | Build | Farm |
| 18:41 | Research | Castle Age |
| 18:41 | Research | Castle Age |
| 18:54 | Build | Mining Camp |
| 19:01 | Build | House |
| 19:03 | Build | House |
| 19:06 | Create | Archer |
| 19:30 | Research | Horse Collar |
| 19:45 | Create | Archer |
| 20:16 | Create | Skirmisher |
| 20:34 | Create | Skirmisher |
| 21:05 | Create | Skirmisher |
| 21:21 | Age | Castle Age |
| 21:28 | Research | Crossbowman (upgrade) |
| 21:38 | Build | Siege Workshop |
| 21:47 | Research | Bodkin Arrow |
| 21:48 | Create | Villager (Male) |
| 21:48 | Create | Villager (Male) |
| 22:20 | Create | Fire Lancer |
| 22:21 | Create | Fire Lancer |
| 22:49 | Build | House |
| 22:55 | Create | Iron Pagoda |
| 22:56 | Create | Villager (Male) |
| 22:57 | Create | Villager (Male) |
| 22:57 | Create | Villager (Male) |
| 22:57 | Create | Villager (Male) |
| 23:01 | Build | Mining Camp |
| 23:15 | Research | Scale Mail Armor |
| 23:48 | Create | Fire Lancer |
| 23:56 | Create | Villager (Male) |
| 23:57 | Create | Villager (Male) |
| 24:02 | Build | Lumber Camp |
| 24:21 | Create | Fire Lancer |
| 24:23 | Research | Chain Mail Armor |
| 24:24 | Create | Villager (Male) |
| 24:25 | Create | Villager (Male) |
| 25:05 | Create | Iron Pagoda |
| 25:10 | Create | Fire Lancer |
| 25:14 | Research | Gold Mining |
| 25:31 | Create | Villager (Male) |
| 25:31 | Create | Villager (Male) |
| 25:31 | Create | Villager (Male) |
| 25:39 | Create | Fire Lancer |
| 26:13 | Create | Villager (Male) |
| 26:42 | Build | Castle |
| 26:52 | Create | Iron Pagoda |
| 27:02 | Create | Fire Lancer |
| 27:16 | Create | Fire Lancer |
| 27:22 | Create | Villager (Male) |
| 27:24 | Create | Villager (Male) |
| 27:28 | Research | Forging |
| 27:59 | Create | Villager (Male) |
| 27:59 | Create | Villager (Male) |
| 28:00 | Create | Villager (Male) |
Build order — Zaboosubmarine
131 actions detected in the replay
| 0:01 | Create | Villager (Male) |
| 0:01 | Create | Villager (Male) |
| 0:01 | Create | Villager (Male) |
| 0:02 | Create | Villager (Male) |
| 0:04 | Build | House |
| 0:05 | Build | House |
| 1:22 | Create | Villager (Male) |
| 2:00 | Build | Lumber Camp |
| 2:01 | Create | Villager (Male) |
| 2:21 | Create | Villager (Male) |
| 2:48 | Create | Villager (Male) |
| 3:13 | Create | Villager (Male) |
| 3:27 | Build | House |
| 3:29 | Build | House |
| 3:43 | Create | Villager (Male) |
| 4:16 | Create | Villager (Male) |
| 4:16 | Create | Villager (Male) |
| 4:19 | Research | Loom |
| 4:29 | Build | Mill |
| 4:37 | Build | Palisade Wall |
| 4:39 | Build | Palisade Wall |
| 5:07 | Create | Villager (Male) |
| 5:41 | Create | Villager (Male) |
| 5:41 | Create | Villager (Male) |
| 6:36 | Create | Villager (Male) |
| 6:37 | Create | Villager (Male) |
| 8:04 | Build | Barracks |
| 8:09 | Build | House |
| 8:18 | Research | Feudal Age |
| 9:13 | Build | Mining Camp |
| 9:54 | Build | House |
| 9:57 | Build | House |
| 9:58 | Build | Palisade Wall |
| 10:28 | Age | Feudal Age |
| 10:33 | Build | Archery Range |
| 10:40 | Create | Villager (Male) |
| 10:40 | Create | Villager (Male) |
| 10:40 | Create | Villager (Male) |
| 10:58 | Build | Blacksmith |
| 11:03 | Create | Villager (Male) |
| 11:29 | Create | Archer |
| 11:30 | Create | Archer |
| 11:43 | Build | Archery Range |
| 11:53 | Research | Fletching |
| 11:56 | Research | Double-Bit Axe |
| 12:01 | Create | Archer |
| 12:01 | Create | Archer |
| 12:39 | Build | House |
| 12:40 | Build | House |
| 12:51 | Create | Archer |
| 12:51 | Create | Archer |
| 12:52 | Create | Archer |
| 12:52 | Create | Archer |
| 12:52 | Create | Archer |
| 13:09 | Build | Farm |
| 13:09 | Build | Farm |
| 13:10 | Build | Farm |
| 13:17 | Build | Mill |
| 13:24 | Create | Archer |
| 13:24 | Create | Archer |
| 14:31 | Create | Villager (Male) |
| 14:31 | Create | Villager (Male) |
| 14:34 | Build | Farm |
| 14:34 | Build | Farm |
| 14:34 | Build | Farm |
| 14:37 | Create | Archer |
| 14:38 | Create | Archer |
| 14:38 | Create | Archer |
| 15:07 | Create | Archer |
| 15:07 | Create | Archer |
| 15:22 | Create | Villager (Male) |
| 15:22 | Create | Villager (Male) |
| 16:18 | Research | Padded Archer Armor |
| 16:19 | Create | Villager (Male) |
| 16:19 | Create | Villager (Male) |
| 16:22 | Build | Farm |
| 16:23 | Build | Farm |
| 16:43 | Create | Archer |
| 16:43 | Create | Archer |
| 16:43 | Create | Archer |
| 16:43 | Create | Archer |
| 16:52 | Build | House |
| 16:54 | Build | House |
| 18:08 | Build | Market |
| 18:13 | Create | Archer |
| 18:14 | Create | Archer |
| 18:14 | Create | Archer |
| 18:14 | Create | Archer |
| 18:18 | Create | Villager (Male) |
| 18:20 | Create | Villager (Male) |
| 19:24 | Build | House |
| 19:26 | Build | House |
| 19:38 | Research | Castle Age |
| 20:36 | Create | Archer |
| 20:36 | Create | Archer |
| 20:37 | Create | Archer |
| 20:45 | Research | Gold Mining |
| 22:18 | Age | Castle Age |
| 22:23 | Build | Siege Workshop |
| 22:25 | Research | Crossbowman (upgrade) |
| 22:26 | Research | Bodkin Arrow |
| 22:36 | Build | University |
| 23:01 | Build | Siege Workshop |
| 23:20 | Create | Archer |
| 23:20 | Create | Archer |
| 23:21 | Create | Archer |
| 23:21 | Create | Archer |
| 23:21 | Create | Villager (Male) |
| 23:21 | Create | Villager (Male) |
| 23:22 | Create | Villager (Male) |
| 23:22 | Create | Villager (Male) |
| 23:43 | Research | Ballistics |
| 23:59 | Create | Villager (Male) |
| 23:59 | Create | Villager (Male) |
| 24:35 | Create | Mangonel |
| 25:07 | Create | Archer ×5 |
| 25:07 | Create | Archer ×5 |
| 25:08 | Create | Archer ×5 |
| 25:09 | Create | Villager (Male) |
| 25:09 | Create | Villager (Male) |
| 25:09 | Create | Villager (Male) |
| 26:09 | Create | Mangonel |
| 26:09 | Create | Battering Ram |
| 26:10 | Create | Villager (Male) |
| 26:10 | Create | Villager (Male) |
| 26:19 | Build | Town Center |
| 26:25 | Create | Archer |
| 26:25 | Create | Archer |
| 26:25 | Create | Archer |
| 26:28 | Build | Farm |
| 26:52 | Build | Town Center |
Build order — FR | GeorgeLeYeti
First 150 of 197 actions detected
| 0:02 | Create | Villager (Male) |
| 0:02 | Create | Villager (Male) |
| 0:02 | Create | Villager (Male) |
| 0:03 | Build | House |
| 0:06 | Build | House |
| 0:53 | Create | Villager (Male) |
| 0:54 | Create | Villager (Male) |
| 1:20 | Create | Villager (Male) |
| 1:50 | Build | Lumber Camp |
| 2:06 | Create | Villager (Male) |
| 2:06 | Create | Villager (Male) |
| 2:07 | Create | Villager (Male) |
| 2:19 | Research | Loom |
| 2:31 | Create | Villager (Male) |
| 3:03 | Build | House |
| 3:04 | Build | House |
| 3:37 | Create | Villager (Male) |
| 3:37 | Create | Villager (Male) |
| 3:38 | Create | Villager (Male) |
| 4:43 | Create | Villager (Male) |
| 4:43 | Create | Villager (Male) |
| 5:20 | Create | Villager (Male) |
| 6:20 | Build | Mill |
| 6:22 | Create | Villager (Male) |
| 6:23 | Create | Villager (Male) |
| 6:33 | Create | Villager (Male) |
| 7:29 | Research | Feudal Age |
| 7:57 | Build | Mining Camp |
| 8:48 | Build | Barracks |
| 9:03 | Create | Villager (Male) |
| 9:04 | Create | Villager (Male) |
| 9:47 | Age | Feudal Age |
| 9:52 | Build | Archery Range |
| 9:56 | Build | Palisade Wall |
| 10:10 | Build | Blacksmith |
| 10:18 | Create | Villager (Male) |
| 10:18 | Create | Villager (Male) |
| 10:29 | Build | House |
| 10:37 | Build | House |
| 10:40 | Build | House |
| 10:48 | Create | Archer |
| 10:48 | Create | Archer |
| 11:16 | Build | House |
| 11:21 | Build | Palisade Wall |
| 11:25 | Create | Villager (Male) |
| 11:26 | Create | Villager (Male) |
| 11:33 | Create | Archer |
| 11:47 | Build | Archery Range |
| 12:00 | Create | Archer |
| 12:07 | Build | Farm |
| 12:08 | Build | Farm |
| 12:17 | Create | Villager (Male) |
| 13:08 | Build | Palisade Wall |
| 13:17 | Create | Archer |
| 13:18 | Create | Archer |
| 13:27 | Research | Fletching |
| 13:32 | Build | Palisade Wall |
| 13:40 | Create | Villager (Male) |
| 13:40 | Create | Villager (Male) |
| 13:41 | Build | Farm |
| 13:44 | Build | Farm |
| 13:46 | Build | Farm |
| 13:49 | Build | Farm |
| 13:52 | Build | Farm |
| 13:56 | Build | Farm |
| 14:33 | Create | Archer |
| 14:34 | Create | Archer |
| 14:45 | Build | Palisade Gate |
| 14:55 | Create | Villager (Male) |
| 14:55 | Create | Villager (Male) |
| 14:59 | Build | Farm |
| 15:06 | Create | Villager (Male) |
| 15:21 | Create | Archer |
| 15:21 | Create | Archer |
| 16:49 | Build | Farm |
| 17:12 | Create | Archer |
| 17:12 | Create | Archer |
| 17:14 | Create | Archer |
| 17:14 | Create | Archer |
| 17:59 | Create | Spearman |
| 17:59 | Create | Spearman |
| 18:03 | Build | House |
| 18:05 | Build | House |
| 18:32 | Research | Castle Age |
| 18:56 | Create | Archer |
| 18:56 | Create | Archer |
| 19:14 | Research | Padded Archer Armor |
| 19:18 | Research | Double-Bit Axe |
| 19:53 | Build | Palisade Gate |
| 19:59 | Create | Archer |
| 20:00 | Create | Archer |
| 20:49 | Create | Archer |
| 20:50 | Create | Archer |
| 21:07 | Research | Horse Collar |
| 21:12 | Age | Castle Age |
| 21:17 | Research | Bodkin Arrow |
| 21:26 | Research | Crossbowman (upgrade) |
| 21:43 | Build | Town Center |
| 21:44 | Create | Villager (Male) |
| 21:44 | Create | Villager (Male) |
| 21:45 | Create | Villager (Male) |
| 21:57 | Build | University |
| 22:08 | Build | House |
| 22:09 | Build | House |
| 22:19 | Build | House |
| 23:17 | Create | Archer |
| 23:18 | Create | Archer |
| 23:18 | Create | Archer |
| 23:18 | Create | Archer |
| 23:32 | Build | Mining Camp |
| 23:38 | Create | Villager (Male) |
| 23:39 | Create | Villager (Male) |
| 23:39 | Create | Villager (Male) |
| 23:40 | Create | Villager (Male) |
| 23:40 | Create | Villager (Male) |
| 23:40 | Create | Villager (Male) |
| 23:41 | Create | Villager (Male) |
| 23:45 | Build | Farm |
| 23:49 | Build | Farm |
| 23:50 | Build | Farm |
| 23:51 | Build | Farm |
| 23:59 | Create | Villager (Male) |
| 23:59 | Create | Villager (Male) |
| 24:06 | Build | House |
| 24:07 | Build | House |
| 24:50 | Create | Villager (Male) |
| 24:50 | Create | Villager (Male) |
| 24:51 | Create | Villager (Male) |
| 25:34 | Build | House |
| 25:35 | Build | House |
| 25:43 | Research | Ballistics |
| 25:47 | Create | Villager (Male) |
| 25:47 | Create | Villager (Male) |
| 25:47 | Create | Villager (Male) |
| 25:48 | Create | Villager (Male) |
| 25:48 | Create | Villager (Male) |
| 26:18 | Build | Monastery |
| 26:41 | Create | Archer ×5 |
| 26:42 | Create | Archer ×5 |
| 26:42 | Create | Archer ×4 |
| 27:52 | Create | Monk |
| 27:52 | Create | Monk |
| 28:02 | Create | Archer ×5 |
| 28:02 | Create | Archer ×5 |
| 28:02 | Create | Archer ×3 |
| 28:18 | Create | Archer |
| 28:18 | Create | Archer |
| 28:58 | Build | House |
| 28:59 | Build | House |
| 28:59 | Build | House |
Build order — Yaca
First 150 of 196 actions detected
| 0:02 | Create | Villager (Male) |
| 0:02 | Create | Villager (Male) |
| 0:04 | Build | House |
| 0:05 | Build | House |
| 1:14 | Create | Villager (Male) |
| 1:14 | Create | Villager (Male) |
| 1:57 | Create | Villager (Male) |
| 1:57 | Create | Villager (Male) |
| 1:58 | Create | Villager (Male) |
| 2:38 | Build | House |
| 2:58 | Create | Villager (Male) |
| 2:58 | Create | Villager (Male) |
| 2:59 | Create | Villager (Male) |
| 2:59 | Create | Villager (Male) |
| 3:05 | Build | Palisade Wall |
| 3:18 | Build | House |
| 3:34 | Create | Villager (Male) |
| 3:34 | Create | Villager (Male) |
| 3:54 | Build | Palisade Wall |
| 4:00 | Create | Villager (Male) |
| 4:28 | Create | Villager (Male) |
| 4:28 | Create | Villager (Male) |
| 4:51 | Build | Palisade Wall |
| 5:18 | Build | Lumber Camp |
| 5:20 | Create | Villager (Male) |
| 5:20 | Create | Villager (Male) |
| 5:20 | Create | Villager (Male) |
| 5:36 | Create | Villager (Male) |
| 5:36 | Create | Villager (Male) |
| 6:33 | Build | Palisade Wall |
| 6:55 | Build | Palisade Wall |
| 7:00 | Create | Villager (Male) |
| 7:00 | Create | Villager (Male) |
| 7:00 | Create | Villager (Male) |
| 7:01 | Create | Villager (Male) |
| 7:09 | Build | Mill |
| 7:46 | Create | Villager (Male) |
| 7:47 | Create | Villager (Male) |
| 7:53 | Build | Farm |
| 7:59 | Build | Farm |
| 8:06 | Build | Farm |
| 8:09 | Research | Loom |
| 8:16 | Research | Loom |
| 8:39 | Create | Villager (Male) |
| 8:49 | Build | Farm |
| 9:12 | Build | Farm |
| 9:18 | Create | Villager (Male) |
| 9:18 | Create | Villager (Male) |
| 9:47 | Research | Feudal Age |
| 9:48 | Research | Feudal Age |
| 10:15 | Build | Mining Camp |
| 10:33 | Build | House |
| 10:36 | Build | House |
| 10:37 | Build | House |
| 10:44 | Create | Villager (Male) |
| 10:44 | Create | Villager (Male) |
| 10:44 | Create | Villager (Male) |
| 11:43 | Build | Barracks |
| 11:57 | Age | Feudal Age |
| 12:14 | Research | Double-Bit Axe |
| 12:41 | Build | Archery Range |
| 12:47 | Create | Villager (Male) |
| 12:52 | Research | Horse Collar |
| 13:06 | Create | Villager (Male) |
| 13:06 | Create | Villager (Male) |
| 13:06 | Create | Villager (Male) |
| 13:16 | Build | Farm |
| 13:31 | Build | Blacksmith |
| 13:38 | Create | Villager (Male) |
| 13:39 | Create | Villager (Male) |
| 14:30 | Create | Villager (Male) |
| 14:32 | Build | Farm |
| 14:40 | Build | Market |
| 14:57 | Build | Farm |
| 15:01 | Create | Archer |
| 15:21 | Build | Outpost |
| 15:24 | Build | Farm |
| 15:33 | Create | Archer |
| 15:33 | Create | Archer |
| 15:34 | Create | Archer |
| 15:38 | Create | Villager (Male) |
| 15:38 | Create | Villager (Male) |
| 15:43 | Research | Town Watch |
| 15:43 | Create | Villager (Male) |
| 15:44 | Create | Villager (Male) |
| 15:44 | Create | Villager (Male) |
| 15:48 | Build | Farm |
| 15:53 | Build | Farm |
| 16:05 | Research | Fletching |
| 16:16 | Create | Archer |
| 16:17 | Create | Archer |
| 17:01 | Build | Watch Tower |
| 17:11 | Build | Farm |
| 17:13 | Build | Farm |
| 18:04 | Build | Farm |
| 18:05 | Build | Farm |
| 18:09 | Build | Farm |
| 18:13 | Create | Archer |
| 18:17 | Research | Padded Archer Armor |
| 18:20 | Build | House |
| 18:22 | Build | House |
| 18:27 | Build | House |
| 18:29 | Build | House |
| 18:29 | Build | House |
| 18:36 | Build | Farm |
| 18:38 | Create | Archer |
| 18:47 | Build | House |
| 19:04 | Build | Farm |
| 19:06 | Create | Villager (Male) |
| 19:06 | Create | Villager (Male) |
| 19:06 | Create | Villager (Male) |
| 19:12 | Create | Archer |
| 19:13 | Create | Archer |
| 19:33 | Create | Villager (Male) |
| 19:33 | Create | Villager (Male) |
| 19:33 | Create | Villager (Male) |
| 19:51 | Build | House |
| 19:52 | Build | House |
| 19:54 | Build | House |
| 19:55 | Build | House |
| 21:41 | Create | Villager (Male) |
| 21:41 | Create | Villager (Male) |
| 21:41 | Create | Villager (Male) |
| 21:42 | Create | Villager (Male) |
| 22:18 | Research | Castle Age |
| 23:05 | Build | Stone Wall |
| 23:09 | Build | Stone Wall |
| 23:17 | Build | Mining Camp |
| 23:30 | Build | Mining Camp |
| 23:48 | Research | Gold Mining |
| 23:49 | Research | Stone Mining |
| 23:53 | Create | Archer |
| 23:53 | Create | Archer |
| 24:11 | Create | Archer |
| 24:11 | Create | Archer |
| 24:58 | Age | Castle Age |
| 25:00 | Research | Bow Saw |
| 25:04 | Build | Town Center |
| 25:24 | Create | Villager (Male) |
| 25:25 | Create | Villager (Male) |
| 25:25 | Create | Villager (Male) |
| 25:29 | Research | Town Patrol |
| 25:30 | Research | Wheelbarrow |
| 25:32 | Create | Villager (Male) |
| 25:32 | Create | Villager (Male) |
| 25:32 | Create | Villager (Male) |
| 25:33 | Create | Villager (Male) |
| 26:04 | Build | Stone Wall |
| 26:05 | Build | Stone Wall |
| 26:08 | Build | Stone Wall |
Match timeline
| 3:05 | Yaca · wall_segment Palisade Wall x10 |
| 3:54 | Yaca · wall_segment Palisade Wall x6 |
| 4:20 | Zargo · wall_segment Palisade Wall x4 |
| 4:37 | Zaboosubmarine · wall_segment Palisade Wall x7 |
| 4:39 | Zaboosubmarine · wall_segment Palisade Wall x3 |
| 4:51 | Yaca · wall_segment Palisade Wall x11 |
| 5:24 | DougFunnie · wall_segment Palisade Wall x12 |
| 5:37 | Zargo · first_building Barracks |
| 6:33 | Yaca · wall_segment Palisade Wall x5 |
| 6:55 | Yaca · wall_segment Palisade Wall x9 |
| 7:38 | oskiura · wall_segment Palisade Wall x8 |
| 7:40 | DougFunnie · wall_segment Palisade Wall x3 |
| 8:01 | Zargo · wall_segment Palisade Wall x12 |
| 8:04 | Zaboosubmarine · first_building Barracks |
| 8:27 | oskiura · first_building Barracks |
| 8:29 | Zargo · wall_segment Palisade Wall x1 |
| 8:38 | DougFunnie · first_building Barracks |
| 8:48 | FR | GeorgeLeYeti · first_building Barracks |
| 8:53 | Zargo · wall_segment Palisade Wall x2 |
| 9:13 | Zargo · wall_segment Palisade Wall x2 |
| 9:18 | cuffneyj · first_building Barracks |
| 9:41 | DougFunnie · wall_segment Palisade Wall x5 |
| 9:47 | FR | GeorgeLeYeti · age_up feudal |
| 9:51 | Zargo · wall_segment Palisade Wall x3 |
| 9:52 | FR | GeorgeLeYeti · first_building Archery Range |
| 9:56 | FR | GeorgeLeYeti · wall_segment Palisade Wall x1 |
| 9:58 | Zaboosubmarine · wall_segment Palisade Wall x3 |
| 10:01 | oskiura · age_up feudal |
| 10:04 | oskiura · first_building Stable |
| 10:28 | Zaboosubmarine · age_up feudal |
| 10:29 | Zargo · age_up feudal |
| 10:33 | Zaboosubmarine · first_building Archery Range |
| 10:40 | oskiura · wall_segment Palisade Wall x9 |
| 10:48 | Zargo · first_building Archery Range |
| 11:08 | Zargo · wall_segment Palisade Wall x7 |
| 11:09 | cuffneyj · age_up feudal |
| 11:16 | cuffneyj · first_building Archery Range |
| 11:21 | FR | GeorgeLeYeti · wall_segment Palisade Wall x6 |
| 11:32 | hog hunter · age_up feudal |
| 11:43 | Yaca · first_building Barracks |
| 11:50 | DougFunnie · wall_segment Palisade Wall x1 |
| 11:50 | DougFunnie · wall_segment Palisade Wall x1 |
| 11:52 | hog hunter · first_building Barracks |
| 11:57 | Yaca · age_up feudal |
| 12:02 | DougFunnie · age_up feudal |
| 12:10 | DougFunnie · first_building Archery Range |
| 12:41 | Yaca · first_building Archery Range |
| 13:08 | FR | GeorgeLeYeti · wall_segment Palisade Wall x1 |
| 13:32 | FR | GeorgeLeYeti · wall_segment Palisade Wall x1 |
| 13:34 | DougFunnie · wall_segment Palisade Wall x1 |
| 14:22 | DougFunnie · wall_segment Palisade Wall x1 |
| 14:22 | DougFunnie · wall_segment Palisade Wall x1 |
| 14:23 | DougFunnie · wall_segment Palisade Wall x2 |
| 14:24 | DougFunnie · wall_segment Palisade Wall x1 |
| 14:32 | hog hunter · first_building Stable |
| 15:18 | hog hunter · age_up castle |
| 16:35 | DougFunnie · wall_segment Palisade Wall x1 |
| 16:52 | DougFunnie · wall_segment Palisade Wall x1 |
| 19:15 | Zaboosubmarine · first_market_sell 100 wood |
| 19:51 | DougFunnie · first_market_buy 100 food |
| 19:53 | DougFunnie · first_market_sell 100 stone |
| 20:20 | oskiura · age_up castle |
| 21:11 | hog hunter · first_building Castle |
| 21:12 | FR | GeorgeLeYeti · age_up castle |
| 21:21 | Zargo · age_up castle |
| 21:38 | Zargo · first_building Siege Workshop |
| 21:52 | Yaca · first_market_sell 100 food |
| 22:06 | Yaca · first_market_buy 100 food |
| 22:18 | Zaboosubmarine · age_up castle |
| 22:23 | Zaboosubmarine · first_building Siege Workshop |
| 22:51 | cuffneyj · wall_segment Palisade Wall x2 |
| 22:51 | DougFunnie · age_up castle |
| 23:05 | Yaca · wall_segment Stone Wall x7 |
| 23:06 | DougFunnie · first_building Monastery |
| 23:09 | Yaca · wall_segment Stone Wall x12 |
| 23:31 | cuffneyj · wall_segment Palisade Wall x2 |
| 23:40 | cuffneyj · wall_segment Palisade Wall x1 |
| 24:05 | cuffneyj · wall_segment Palisade Wall x12 |
| 24:58 | Yaca · age_up castle |
| 25:05 | cuffneyj · age_up castle |
| 25:23 | DougFunnie · first_building Castle |
| 26:04 | Yaca · wall_segment Stone Wall x4 |
| 26:05 | Yaca · wall_segment Stone Wall x2 |
| 26:08 | Yaca · wall_segment Stone Wall x10 |
| 26:11 | Yaca · wall_segment Stone Wall x6 |
| 26:18 | FR | GeorgeLeYeti · first_building Monastery |
| 26:21 | DougFunnie · first_building Siege Workshop |
| 26:42 | Zargo · first_building Castle |
| 27:59 | Zaboosubmarine · resign |
| 28:23 | cuffneyj · first_building Castle |
| 29:14 | oskiura · wall_segment Palisade Wall x1 |
| 31:50 | FR | GeorgeLeYeti · first_building Castle |
| 32:09 | Yaca · first_building Castle |
[ AI ANALYSIS · 1 CREDIT ]
What really happened in this match?
Wolo.gg analyzes every decision: build order, eco, micro, common mistakes by bracket. Personalized analysis on WhatsApp or Discord in 30 seconds.
Civ guide
Japanese
Map guide
Socotra
Perfil
cuffneyj